 Dungeon Crawl Stone Soup version 0.29-a0-284-gf9362112df (webtiles) character file.

Game seed: 17445708811224238916

32 sanka the Ducker (level 3, 35/35 HPs)
             Began as a Gnoll Monk on Mar 14, 2022.
             Was a Believer of Kikubaaqudgha.
             Quit the game on level 2 of the Dungeon.
             The game lasted 00:01:38 (1212 turns).

sanka the Ducker (Gnoll Monk)                       Turns: 1212, Time: 00:01:39

Health: 35/35      AC:  2    Str: 12    XL:     3   Next: 25%
Magic:  3/4        EV: 15    Int:  9    God:    Kikubaaqudgha [**....]
Gold:   59         SH:  0    Dex: 14    Spells: 3/3 levels left

rFire   . . .      SeeInvis .   a - +0 hand axe
rCold   . . .      Faith    .   (no shield)
rNeg    . . .      Spirit   .   b - +0 robe
rPois   .          Reflect  .   (no helmet)
rElec   .          Harm     .   (no cloak)
rCorr   .          Rampage  .   (no gloves)
Will    .....                   (no boots)
Stlth   +++.......              (no amulet)
HPRegen 0.11/turn               (no ring)
MPRegen 0.09/turn               (no ring)

@: no status effects
A: fangs 1, strong nose, distributed training
a: Renounce Religion, Receive Corpses


You were on level 2 of the Dungeon.
You worshipped Kikubaaqudgha.
Kikubaaqudgha was pleased with you.
You visited 1 branch of the dungeon, and saw 2 of its levels.

You collected 59 gold pieces.


Innate Abilities, Weirdness & Mutations

You have very sharp teeth.
Your uncanny sense of smell can sniff out nearby items.
Your experience applies equally to all skills.


   Skills:
 + Level 6.5 Fighting
 + Level 0.7 Short Blades
 + Level 0.7 Long Blades
 + Level 6.5 Axes
 + Level 0.7 Maces & Flails
 + Level 0.7 Polearms
 + Level 0.7 Staves
 + Level 0.7 Slings
 + Level 0.7 Bows
 + Level 0.7 Crossbows
 + Level 0.7 Throwing
 + Level 0.7 Armour
 + Level 6.5 Dodging
 + Level 4.1 Stealth
 + Level 0.7 Shields
 + Level 0.7 Unarmed Combat
 + Level 0.7 Spellcasting
 + Level 0.5 Conjurations
 + Level 0.5 Hexes
 + Level 0.5 Summonings
 + Level 0.5 Necromancy
 + Level 0.5 Translocations
 + Level 0.5 Transmutations
 + Level 0.5 Fire Magic
 + Level 0.5 Ice Magic
 + Level 0.5 Air Magic
 + Level 0.5 Earth Magic
 + Level 0.5 Poison Magic
 + Level 0.9 Invocations
 + Level 0.7 Evocations


You had 3 spell levels left.
You didn't know any spells.
Your spell library contained the following spells:

 Spells                   Type           Power      Damage    Failure   Level
 Animate Skeleton         Necr           2%         N/A       30%         1
 Corpse Rot               Necr/Air       2%         N/A       43%         2
 Sublimation of Blood     Necr           1%         N/A       43%         2
 Agony                    Necr           1%         N/A       100%        5

Inventory:

Hand Weapons
 a - a +0 hand axe (weapon)
Armour
 b - a +0 robe (worn)
 h - a +0 cloak
Magical Staves
 f - a staff of death
Scrolls
 d - a scroll of fear {unknown}
 e - a scroll of teleportation {unknown}
 g - a scroll of summoning {unknown}
 j - 2 scrolls of identify {unknown}
Potions
 c - a potion of ambrosia
 i - a potion of flight {unknown}

Dungeon Overview and Level Annotations

Branches:
Dungeon (2/15)

Altars:
Kikubaaqudgha

▒▒ ▒ ▒. .▒ ▒. ▒.▒
∆ ▒. ▒▒▒.+▒▒▒ ▒▒+
▒. ▒...▒..▒▒▒..▒
▒. ▒.▒ ▒...8...▒
▒.▒▒.▒▒▒▒.....▒
▒)......▒..g..▒
▒▒▒▒▒.▒▒▒▒.....▒▒
▒.......▒.......▒
▒.▒▒▒.▒.▒..▒▒▒..▒
▒.▒ ▒.▒.'▒▒▒ ▒▒+
▒<▒ ..▒.▒▒
▒.▒▒.▒▒.▒ ▒.▒▒.
▒.▒ ▒.... ..▒


There were no monsters in sight!


Message History

You bite the kobold, but do no damage.
The kobold is severely wounded.
The kobold misses you.
You miss the kobold.
The kobold is severely wounded.
The kobold closely misses you.
You hit the kobold.
You kill the kobold!
No target in view!
You now have 59 gold pieces (gained 4).
You open the door.
An endoplasm comes into view.
Found a faded altar of an unknown god.
The endoplasm quivers.
There is an open door here.
You hit the endoplasm. Your bite misses the endoplasm.
The endoplasm is heavily wounded.
The endoplasm closely misses you.
You hit the endoplasm.
You kill the endoplasm!
There is a faded altar of an unknown god here.
You cannot tell which god this altar belongs to.
Convert to them anyway?
Kikubaaqudgha accepts your prayer! Kikubaaqudgha welcomes you!
You can now receive cadavers from Kikubaaqudgha.
Kikubaaqudgha grants you a gift!
You add the spells Animate Skeleton, Corpse Rot, Sublimation of Blood and Agony to your library.
Kikubaaqudgha is now protecting you from necromantic miscasts and death curses.
Are you sure you want to abandon this character and quit the game? (Confirm with "yes".)

Action                   || total
-------------------------++-------
Melee: Hand axe          ||    74
       Bite              ||     5
 Stab: Sleeping          ||     3
Armor: Robe              ||     9
Dodge: Dodged            ||    58

Levels and vault maps discovered:
D:1:      dpeg_arrival_more_subterranean_lakeside_camping, layout_basic
D:2:      layout_loops_cross, hellmonk_ecumenical_altar_slurped_away,
          minmay_snake_closets, uniq_terence

Notes
Turn   | Place    | Note
-------+----------+-------------------------------------------
     0 | D:1      | sanka the Gnoll Monk began the quest for the Orb.
     0 | D:1      | Reached XP level 1. HP: 23/23 MP: 1/1
   227 | D:1      | Reached XP level 2. HP: 29/29 MP: 2/2
   939 | D:1      | Reached XP level 3. HP: 31/35 MP: 3/3
  1204 | D:2      | Found a faded altar of an unknown god.
  1211 | D:2      | Prayed at the altar of an unknown god.
  1211 | D:2      | Became a worshipper of Kikubaaqudgha
  1211 | D:2      | Reached * piety under Kikubaaqudgha
  1211 | D:2      | Received a gift from Kikubaaqudgha
  1211 | D:2      | Reached ** piety under Kikubaaqudgha
  1212 | D:2      | Quit the game

Vanquished Creatures
  A dart slug (D:1)
  2 endoplasms
  2 giant cockroaches (D:1)
  A goblin (D:1)
  6 hobgoblins (D:1)
  3 jackals (D:1)
  3 quokkas (D:1)
  2 ball pythons (D:1)
  A bat (D:1)
  2 frilled lizards (D:1)
  A kobold (D:2)
  A rat (D:1)
25 creatures vanquished.
